 Dungeon Crawl Stone Soup version 0.28-a0-1567-g1695149f81 (webtiles) character file.

Game seed: 17076540302943802246

1307 Clumpoid the Cleaver (level 8, -2/96 HPs)
             Began as a Minotaur Fighter on Jan 20, 2022.
             Was a Priest of Sif Muna.
             Slain by Sigmund (11 damage)
             ... on level 5 of the Dungeon.
             The game lasted 00:04:27 (4110 turns).

Clumpoid the Cleaver (Minotaur Fighter)             Turns: 4110, Time: 00:04:28

Health: -2/96      AC:  0    Str: 22    XL:     8   Next: 32%
Magic:  7/7        EV: 13    Int:  7    God:    Sif Muna [***...]
Gold:   360        SH:  0    Dex:  9    Spells: 7/7 levels left

rFire   . . .      SeeInvis .   (weapon currently unavailable)
rCold   . . .      Faith    .   (shield currently unavailable)
rNeg    . . .      Spirit   .   (armour currently unavailable)
rPois   .          Reflect  .   (helmet currently unavailable)
rElec   .          Harm     .   (cloak currently unavailable)
rCorr   .          Rampage  .   (gloves currently unavailable)
Will    .....                   (boots currently unavailable)
Stlth   ..........              (no amulet)
HPRegen 0.26/turn               (ring currently unavailable)
MPRegen 0.10/turn               (ring currently unavailable)

@: berserking, pig-form (expiring), very quick
A: fast, no casting, small, (horns 2), (retaliatory headbutt)
a: Renounce Religion, Channel Magic, Forget Spell


You were on level 5 of the Dungeon.
You worshipped Sif Muna.
Sif Muna was most pleased with you.
You were a filthy swine.
You visited 1 branch of the dungeon, and saw 5 of its levels.

You collected 360 gold pieces.

Inventory:

Hand Weapons
 a - a +1 war axe of freezing
 h - the +4 war axe "Plog" (melded) {pain, rC- rCorr Str+3 Int+7}
   (You found it on level 4 of the Dungeon)

   In the hands of one skilled in necromantic magic, it inflicts extra damage on
   living creatures.
   Str:       It affects your strength (+3).
   Int:       It affects your intelligence (+7).
   rC:        It makes you vulnerable to cold.
   rCorr:     It protects you from acid and corrosion.
Armour
 c - a +0 buckler (melded)
 f - a +2 pair of boots (melded)
 g - a +0 chain mail (melded)
Jewellery
 e - a ring of positive energy (melded)
 j - a ring of see invisible (melded)
Scrolls
 d - a scroll of magic mapping
 i - 2 scrolls of amnesia
 k - a scroll of acquirement {unknown}
 l - a scroll of teleportation
Potions
 b - a potion of flight


   Skills:
 - Level 3.6 Fighting
 + Level 12.1 Axes
 - Level 3.6 Armour
 - Level 4.0 Shields


You had 7 spell levels left.
You didn't know any spells.
Your spell library contained the following spells:

 Spells                   Type           Power      Damage    Failure   Level
 Foxfire                  Conj/Fire      0%         2x1d4     43%         1
 Conjure Flame            Conj/Fire      0%         6-21      80%         3
 Gell's Gravitas          Tloc           0%         N/A       80%         3
 Inner Flame              Hex/Fire       0%         N/A       80%         3
 Teleport Other           Tloc           0%         N/A       80%         3
 Flame Wave               Conj/Fire      0%         2d4       99%         4
 Dispersal                Tloc           0%         N/A       100%        6


Dungeon Overview and Level Annotations

Branches:
Dungeon (5/15)
 Temple: D:4-7

Altars:
Elyvilon
Sif Muna

Annotations:
D:3 1 runed translucent door
D:5 Sigmund


Innate Abilities, Weirdness & Mutations

You are a filthy swine.
You move quickly.
Your equipment is almost entirely melded.
You are incapable of wielding weapons or throwing items.
You cannot cast spells.
((You have a pair of horns on your head.))
((You reflexively headbutt those who attack you in melee.))


Message History

Sigmund mumbles some strange words.
Sigmund flickers and vanishes!
Deactivating autopickup; reactivate with Ctrl-A.
The adder bites you.
An adder is nearby!
You closely miss the adder. Something hits you. The adder misses you.
You hit the adder.
The adder is heavily wounded.
The adder closely misses you.
A magic dart appears from out of thin air!
The magic dart hits you!
You closely miss the adder.
The adder is heavily wounded.
Your transformation is almost over.
The adder closely misses you.
You hit the adder.
The adder is almost dead.
Something hits you! The adder bites you.
You barely miss the adder.
The adder is almost dead.
The adder barely misses you. Something hits you!
You closely miss the adder.
The adder is almost dead.
The adder barely misses you.
You hit the adder.
You kill the adder!
Sif Muna accepts your kill. Something hits you!
* * * LOW HITPOINT WARNING * * *
It was a potion of berserk rage.
A red film seems to cover your vision as you go berserk!
You feel yourself moving faster!
You feel mighty!
You feel a strong urge to attack something.
You hear some strange, mumbled words.
A magic dart appears from out of thin air!
The magic dart hits you!
* * * LOW HITPOINT WARNING * * *
You bite something! You closely miss something. Something hits you!
You die...

##...#..##.......##
#..########......)#
#...# #.........
#...## #.........
##...# #.........
#..## ##.........
#.## #..........
#.########......#.
#h#≈≈≈ ####.....
#{#≈# #.......#
#.'.# #.......#
#.'....# ##...#..#
###≈##.# #####.##
≈≈ ≈≈ ### ### #


There were no monsters in sight!

Vanquished Creatures
  The ghost of hashsling the Conjurer, an amateur DgCj (D:3)
  Eustachio (D:4)
  2 black bears
  An ice beast (D:5)
  2 ogres (D:5)
  A centaur (D:5)
  A hound (D:5)
  2 orc priests
  A bullfrog skeleton (D:5)
  2 iguanas
  5 orc wizards
  A hound zombie (D:5)
  5 adders
  An ufetubus (D:4)
  An adder skeleton (D:4)
  2 worms (D:3)
  19 orcs
  6 ball pythons
  4 bats
  7 endoplasms
  6 giant cockroaches
  7 goblins
  11 hobgoblins
  2 quokkas
  3 frilled lizards
  8 kobolds
  3 rats
105 creatures vanquished.

Vanquished Creatures (others)
  3 fungi (D:2)
  5 toadstools (D:2)
8 creatures vanquished.

Grand Total: 113 creatures vanquished

Notes
Turn   | Place    | Note
-------+----------+-------------------------------------------
     0 | D:1      | Clumpoid the Minotaur Fighter began the quest for the Orb.
     0 | D:1      | Reached XP level 1. HP: 19/19 MP: 0/0
   270 | D:1      | Reached skill level 3 in Axes
   270 | D:1      | Reached XP level 2. HP: 25/26 MP: 1/1
   526 | D:1      | Found a faded altar of an unknown god.
   879 | D:1      | Prayed at the altar of an unknown god.
   879 | D:1      | Became a worshipper of Sif Muna the Loreminder
   879 | D:1      | Reached * piety under Sif Muna
   976 | D:2      | Reached skill level 4 in Axes
   976 | D:2      | Reached XP level 3. HP: 31/31 MP: 2/2
  1491 | D:3      | Found a white marble altar of Elyvilon.
  1736 | D:3      | Noticed a black bear
  1743 | D:3      | Killed a black bear
  1744 | D:3      | Reached skill level 6 in Axes
  1744 | D:3      | Reached XP level 4. HP: 34/39 MP: 3/3
  1744 | D:3      | Reached XP level 5. HP: 39/45 MP: 4/4
  1975 | D:3      | Found a runed translucent door.
  1997 | D:3      | Noticed hashsling's ghost (amateur DgCj)
  2074 | D:3      | Found a runed translucent door.
  2179 | D:3      | Killed hashsling's ghost
  2180 | D:3      | Reached skill level 8 in Axes
  2180 | D:3      | Reached XP level 6. HP: 21/51 MP: 5/5
  2615 | D:4      | Noticed Eustachio
  2626 | D:4      | Killed Eustachio
  2627 | D:4      | Reached skill level 9 in Axes
  2627 | D:4      | Reached XP level 7. HP: 50/57 MP: 6/6
  2700 | D:4      | Reached ** piety under Sif Muna
  2815 | D:4      | Identified the +4 war axe "Plog" {pain, rC- rCorr Str+3
                  | Int+7}
  3042 | D:4      | Reached skill level 10 in Axes
  3484 | D:5      | Entered Level 5 of the Dungeon
  3545 | D:5      | Reached skill level 11 in Axes
  3690 | D:5      | Reached *** piety under Sif Muna
  3698 | D:5      | Reached XP level 8. HP: 59/64 MP: 7/7
  4009 | D:5      | Reached skill level 12 in Axes
  4094 | D:5      | Noticed Sigmund
  4110 | D:5      | Slain by Sigmund

Illustrated notes

Levels and vault maps discovered:
D:1:      psy_arrival_dodecagon, layout_basic, basic_ecumenical_altar,
          kennysheep_pointless_box
D:2:      layout_rooms, minmay_gold_behind_fungi, minmay_tripent
D:3:      layout_rooms, overflow_temple_1_default, ebering_ghost_sewer_f,
          lemuel_flame_loot_1
D:4:      layout_loops_ring, minmay_misc_feat_tower, uniq_eustachio
D:5:      layout_cave_pools, grunt_ministairs_10, nicolae_sextant,
          kennysheep_generic_room_12, uniq_sigmund

Skill      XL: |  1  2  3  4  5  6  7  8 |
---------------+-------------------------+-----
Shields        | 4 |  4.0
Axes           | 3 4 6 8 9 11 12 | 12.1
Fighting       | |  3.6
Armour         | |  3.6

Action                   |  1- 3 |  4- 6 |  7- 9 || total
-------------------------+-------+-------+-------++-------
Melee: War axe           |    87 |    26 |   109 ||   222
       Headbutt          |    13 |     2 |    14 ||    29
       Unarmed           |       |       |    10 ||    10
  Use: Scroll            |     5 |     2 |     1 ||     8
       Potion            |     3 |     3 |     2 ||     8
Armor: Scale mail        |    44 |     8 |       ||    52
       Chain mail        |       |     1 |    58 ||    59
Dodge: Dodged            |    33 |    10 |    54 ||    97
Block: Buckler           |    20 |     3 |    25 ||    48

Table legend: (Time is in decaauts)
 A = Elapsed time spent in this place.
 B = Non-inter-level travel time spent in this place.
 C = Inter-level travel time spent in this place.
 D = Time resting spent in this place.
 E = Time spent auto-exploring this place.
 F = Levels seen in this place.
 G = Mean time per level.
                   A        B        C        D        E       F      G
               +--------+--------+--------+--------+--------+-----+--------+
         Total |   4129 |   3911 |    218 |    294 |   2977 |   5 |  825.8 |
       Dungeon |   4129 |   3911 |    218 |    294 |   2977 |   5 |  825.8 |
               +--------+--------+--------+--------+--------+-----+--------+

Top non-repeatable levels by time:
     D:3: 1095 daAuts
     D:1: 927 daAuts
     D:4: 871 daAuts
     D:5: 622 daAuts
     D:2: 614 daAuts
